 Dungeon Crawl Stone Soup version 0.28-a0-1624-g820543e53a (webtiles) character file.

Game seed: 15647903663452988996

1507 HallandMoats the Vandal (level 8, -4/62 HPs)
             Began as a Ghoul Hunter on Jan 24, 2022.
             Was an Elder of Hepliaklqana.
             Slain by a troll (10 damage)
             ... on level 6 of the Dungeon.
             The game lasted 00:08:40 (6163 turns).

HallandMoats the Vandal (Ghoul Hunter)              Turns: 6163, Time: 00:08:41

Health: -4/62      AC:  9    Str: 16    XL:     8   Next: 82%
Magic:  7/7        EV: 12    Int:  6    God:    Hepliaklqana [****..]
Gold:   229        SH:  0    Dex: 11    Spells: 7/7 levels left

rFire   . . .      SeeInvis .   b - +3 mace of Iciw {freeze, rN+}
rCold   + . .      Faith    .   (no shield)
rNeg    + + +      Spirit   .   h - +0 ring mail
rPois   ∞          Reflect  .   x - +2 hat
rElec   .          Harm     .   (no cloak)
rCorr   .          Rampage  .   z - +0 pair of gloves
Will    .....                   (no boots)
Stlth   +.........              (no amulet)
HPRegen 0.00/turn               (no ring)
MPRegen 0.10/turn               (no ring)

@: inhibited regen
A: reduced essence, claws 1, cold resistance 1, negative energy resistance 3,
inhibited regeneration, torment resistance 2
a: Renounce Religion, Recall Ancestor, Ancestor Identity, Transference, Idealise


You were on level 6 of the Dungeon.
You worshipped Hepliaklqana.
Hepliaklqana was greatly pleased with you.
You visited 1 branch of the dungeon, and saw 6 of its levels.

You collected 229 gold pieces.

Inventory:

Hand Weapons
 a - a +1 hunting sling
 b - the +3 mace of Iciw (weapon) {freeze, rN+}
   (You found it on level 2 of the Dungeon)

   It freezes those it strikes, dealing additional cold damage.
   It can also slow down cold-blooded creatures.
   rN:        It protects you from negative energy.
Missiles
 d - 32 sling bullets
 e - 207 stones (quivered)
Armour
 h - a +0 ring mail (worn)
 x - a +2 hat (worn)
 z - a +0 pair of gloves (worn)
Jewellery
 A - an amulet of magic regeneration
Wands
 k - a wand of iceblast (6)
 p - a wand of mindburst (2)
 r - a wand of acid (7)
 y - a wand of flame (23)
Scrolls
 c - a scroll of vulnerability {unknown}
 f - a scroll of amnesia {unknown}
 i - a scroll of brand weapon {unknown}
 l - 2 scrolls of teleportation {unknown}
 m - a scroll of silence {unknown}
 n - a scroll of fog {unknown}
 o - 2 scrolls of fear {unknown}
 q - a scroll of blinking {unknown}
 t - a scroll of identify {unknown}
 v - a scroll of noise {unknown}
Potions
 g - 4 potions of flight {unknown}
 j - a potion of mutation {unknown}
 s - a potion of heal wounds {unknown}
 u - a potion of curing {unknown}
 w - a potion of attraction {unknown}


   Skills:
 + Level 5.4 Fighting
 * Level 3.6 Maces & Flails
 + Level 6.4 Slings
 + Level 3.9 Armour
 + Level 4.4 Dodging
 - Level 1.1 Stealth


You had 7 spell levels left.
You didn't know any spells.
Your spell library contained the following spells:

 Spells                   Type           Power      Damage    Failure   Level
 Ensorcelled Hibernation  Hex/Ice        0%         N/A       80%         2
 Anguish                  Hex/Necr       0%         N/A       100%        4
 Spider Form              Tmut/Pois      Unusable   N/A       N/A         3

Dungeon Overview and Level Annotations

Branches:
Dungeon (6/15)             Temple (0/1) D:5

Altars:
Dithmenos
Elyvilon
Hepliaklqana


Innate Abilities, Weirdness & Mutations

Your life essence is reduced to manifest your ancestor. (-10% HP)
You thrive by killing the living.
You are immune to poison.
You have sharp fingernails.
Your flesh is cold resistant. (rC+)
You are immune to negative energy. (rN+++)
You do not regenerate when monsters are visible.
You are immune to unholy pain and torment.


Message History

No target in view!
You swap places.
The troll completely misses Tertia.
The troll claws Tertia! x2
You shoot a stone. Tertia avoids your attack.
The stone hits the troll.
The troll is lightly wounded.
Tertia hits the troll with a +0 quarterstaff.
The troll bites Tertia!
Tertia is destroyed!
You shoot a stone.
The stone hits the troll but does no damage.
The troll is moderately wounded.
You shoot a stone. The stone closely misses the troll.
You shoot a stone. The stone hits the troll.
The troll is lightly wounded.
You shoot a stone. The stone barely misses the troll.
You shoot a stone. The stone hits the troll.
The troll is moderately wounded.
The troll bites you! The troll claws you but does no damage.
The troll closely misses you.
You shoot a stone. The stone completely misses the troll.
The troll misses you. The troll barely misses you. The troll claws you.
You shoot a stone.
The stone hits the troll but does no damage.
The troll is lightly wounded.
The troll bites you but does no damage. The troll barely misses you. x2
You shoot a stone. The stone barely misses the troll.
The troll bites you. The troll claws you but does no damage.
The troll claws you!
The +3 mace of Iciw {freeze, rN+} glows with a cold blue light!
b - the +3 mace of Iciw (weapon)
{freeze, rN+} You hit the troll.
You freeze the troll.
The troll is moderately wounded.
The troll bites you! The troll barely misses you. The troll claws you!
You closely miss the troll.
The troll is moderately wounded.
The troll bites you!
* * * LOW HITPOINT WARNING * * *
The troll claws you.
* * * LOW HITPOINT WARNING * * *
The troll claws you!
You die...

#...# ..( #..## .(. #..#
... ##..# #.# #...# #(#
##...# #.# #####....#
##(#### ...#....##
###.T...#### R#......#
#...@....... .#......#
##....#####. .#......##
##...#####.# .###.....#
##........#.# .#.......#
#.#..#####. .#.###...##
###.#### #..
.#.#.#....####....### #.#
# .#.#.#...........#..#
#.# #
.#.#.#.###........######.#
#


You could see a troll.

Vanquished Creatures
  An ogre (D:6)
  A scorpion (D:5)
  Ijyb (D:3)
  2 orc wizards
  Natasha (D:3)
  A hound zombie (D:5)
  6 adders
  A river rat (D:3)
  A worm (D:2)
  2 dart slugs (D:1)
  14 orcs
  9 ball pythons
  8 endoplasms
  3 giant cockroaches
  9 hobgoblins
  7 jackals
  7 kobolds
  6 quokkas
  7 bats
  8 frilled lizards
  10 goblins
  A jackal skeleton (D:4)
  4 rats
110 creatures vanquished.

Vanquished Creatures (collateral kills)
  Sigmund (D:2)
  Menkaure (D:5)
  A sky beast (D:4)
  2 necrophages
  An ogre (D:6)
  A bullfrog (D:6)
  A centaur zombie (D:6)
  A bullfrog zombie (D:5)
  A jelly (D:5)
  A hound (D:5)
  Jessica (D:3)
  3 iguanas
  Natasha (D:3)
  An orc wizard (D:5)
  Robin (D:3)
  3 gnolls (D:5)
  A howler monkey skeleton (D:5)
  An adder (D:4)
  A river rat (D:3)
  An ufetubus (D:4)
  A worm (D:5)
  A dart slug (D:4)
  An orc (D:3)
  6 goblins (D:3)
  5 hobgoblins (D:3)
  A jackal (D:3)
  2 quokkas
  A bat (D:3)
  A kobold (D:2)
  A rat (D:3)
45 creatures vanquished.

Vanquished Creatures (others)
  A battlemage (D:6)
  A ball python (D:3)
2 creatures vanquished.

Grand Total: 157 creatures vanquished

Notes
Turn   | Place    | Note
-------+----------+-------------------------------------------
     0 | D:1      | HallandMoats the Ghoul Hunter began the quest for the Orb.
     0 | D:1      | Reached XP level 1. HP: 17/17 MP: 0/0
   192 | D:1      | Reached XP level 2. HP: 23/25 MP: 1/1
   507 | D:1      | Reached XP level 3. HP: 30/30 MP: 2/2
   511 | D:1      | Reached skill level 4 in Slings
   816 | D:1      | Reached skill level 1 in Armour
  1190 | D:2      | Reached XP level 4. HP: 38/38 MP: 3/3
  1758 | D:2      | Reached XP level 5. HP: 45/45 MP: 4/4
  1828 | D:2      | Found a faded altar of an unknown god.
  1839 | D:2      | Prayed at the altar of an unknown god.
  1839 | D:2      | Became a worshipper of Hepliaklqana the Forgotten
  1839 | D:2      | Reached * piety under Hepliaklqana
  2128 | D:2      | Identified the +3 mace of Iciw {freeze, rN+}
  2321 | D:3      | Noticed Sigmund
  2321 | D:3      | Noticed Natasha
  2328 | D:2      | Killed Sigmund
  2329 | D:2      | Reached skill level 5 in Slings
  2329 | D:2      | Reached XP level 6. HP: 40/46 MP: 5/5
  2463 | D:3      | Killed Natasha
  2927 | D:3      | Noticed Jessica
  2934 | D:3      | Killed Jessica
  3316 | D:3      | Noticed Ijyb
  3340 | D:3      | Killed Ijyb
  3621 | D:3      | Reached XP level 7. HP: 47/53 MP: 6/6
  3860 | D:3      | Noticed Natasha
  3864 | D:3      | Killed Natasha
  3929 | D:3      | Reached ** piety under Hepliaklqana
  3930 | D:3      | Remembered your ancestor Tertia as a battlemage
  4017 | D:3      | Noticed Robin
  4031 | D:3      | Killed Robin
  5104 | D:5      | Entered Level 5 of the Dungeon
  5147 | D:5      | Reached skill level 1 in Maces & Flails
  5174 | D:5      | Reached skill level 6 in Slings
  5186 | D:5      | Found a shadowy altar of Dithmenos.
  5255 | D:5      | Reached XP level 8. HP: 60/60 MP: 7/7
  5304 | D:5      | Reached *** piety under Hepliaklqana
  5384 | D:5      | Noticed Menkaure
  5389 | D:5      | Killed Menkaure
  5493 | D:5      | Found a staircase to the Ecumenical Temple.
  5499 | D:5      | Reached skill level 5 in Fighting
  6140 | D:6      | Reached **** piety under Hepliaklqana
  6147 | D:6      | Noticed a troll
  6163 | D:6      | Slain by a troll

Illustrated notes

Levels and vault maps discovered:
D:1:      dpeg_arrival_arbitrary_c, layout_basic, minmay_parallelograms,
          minmay_lizard_pond
D:2:      layout_loops_ring, shapermc_ecumenical_altar_totnotflames
D:3:      kennysheep_goblin_castle, layout_basic, nicolae_elyvilon_temple_path,
          gup_sewer_entry_spiral, st_stairs_8, uniq_sigmund, uniq_natasha,
          uniq_ijyb, uniq_jessica, uniq_robin
D:4:      layout_rooms
D:5:      layout_rooms, nicolae_dithmenos_the_darkroom,
          minmay_temple_entry_from_below_a, uniq_menkaure
D:6:      layout_cave_pods, serial_shops, shop_statue, serial_co_window_serial,
          co_window_corner_a, co_window_paths_a, co_window_of_opportunity_a,
          co_window_corner_a, co_window_corner_a, co_window_of_opportunity_b,
          co_window_paths_c, co_window_of_opportunity_b, co_window_broadway_c,
          co_window_4corner_a, co_window_paths_e, glass_columns_a,
          glass_columns_a, glass_columns_c, glass_columns_c, uniq_blork_the_orc

Skill      XL: |  1  2  3  4  5  6  7  8 |
---------------+-------------------------+-----
Dodging        | 2 3 4 |  4.4
Slings         | 4 5 6 |  6.4
Armour         | 1 2 3 |  3.9
Fighting       | 3 4 5 |  5.4
Maces & Flails | 1 3 |  3.6
Stealth        | |  1.1

Action                   |  1- 3 |  4- 6 |  7- 9 || total
-------------------------+-------+-------+-------++-------
Melee: Mace              |       |    69 |    24 ||    93
       Punch             |       |       |     1 ||     1
 Fire: Hunting sling     |   104 |    88 |   174 ||   366
Invok: Ancestor Life: Ba |       |       |     1 ||     1
Armor: Leather armour    |     6 |       |       ||     6
       Ring mail         |     8 |    62 |    25 ||    95
Dodge: Dodged            |    16 |    88 |    38 ||   142

Table legend: (Time is in decaauts)
 A = Elapsed time spent in this place.
 B = Non-inter-level travel time spent in this place.
 C = Inter-level travel time spent in this place.
 D = Time resting spent in this place.
 E = Time spent auto-exploring this place.
 F = Levels seen in this place.
 G = Mean time per level.
                   A        B        C        D        E       F      G
               +--------+--------+--------+--------+--------+-----+--------+
         Total |   6216 |   6104 |    112 |    183 |   4879 |   6 | 1036.0 |
       Dungeon |   6216 |   6104 |    112 |    183 |   4879 |   6 | 1036.0 |
               +--------+--------+--------+--------+--------+-----+--------+

Top non-repeatable levels by time:
     D:3: 2157 daAuts
     D:2: 1286 daAuts
     D:1: 1159 daAuts
     D:5: 682 daAuts
     D:4: 567 daAuts
     D:6: 362 daAuts
